 Dungeon Crawl Stone Soup version 0.22.1-6-g1668fe2 (webtiles) character file.

27 Sandy the Magician (level 2, -2/20 HPs)
             Began as a Demigod Venom Mage on Aug 22, 2018.
             Slain by a hobgoblin
             ... wielding a +0 club
              (3 damage)
             ... on level 1 of the Dungeon on Jan 24, 2019.
             The game lasted 00:07:26 (984 turns).

Sandy the Magician (Demigod Venom Mage)              Turns: 984, Time: 00:07:28

Health: -2/20      AC:  2    Str: 11    XL:     2   Next: 72%
Magic:  6/8        EV: 12    Int: 19    God:
Gold:   62         SH:  0    Dex: 16    Spells: 5/6 levels left

rFire    . . .     SeeInvis .   d - +1 short sword (drain)
rCold    . . .     Gourm    .   (no shield)
rNeg     . . .     Faith    .   a - +0 robe
rPois    .         Spirit   .   (no helmet)
rElec    .         Reflect  .   (no cloak)
rCorr    .         Harm     .   (no gloves)
MR       .....                  (no boots)
Stlth    ++........             (no amulet)
HPRegen  0.06/turn              (no ring)
MPRegen  0.11/turn              (no ring)

@: very slightly contaminated
A: high mp 1
a: no special abilities


You were on level 1 of the Dungeon.
You were not hungry.

You visited 1 branch of the dungeon, and saw 3 of its levels.

You collected 62 gold pieces.

Inventory:

Hand Weapons
 d - a +1 short sword of draining (weapon)
Missiles
 e - 46 stones (quivered)
 i - 8 tomahawks
Armour
 a - a +0 robe (worn)
Scrolls
 b - a scroll of identify {unknown}
 f - 3 scrolls of remove curse {unknown}
 g - 2 scrolls of teleportation {unknown}
 h - a scroll of enchant weapon {unknown}
 j - a scroll of fog {unknown}
Comestibles
 c - 2 rations


   Skills:
 + Level 0.3 Short Blades
 - Level 1.7 Dodging
 - Level 1.7 Stealth
 + Level 2.9 Spellcasting
 - Level 0.8 Conjurations
 - Level 2.6 Poison Magic


You had 5 spell levels left.
You knew the following spells:

 Your Spells              Type           Power        Failure   Level  Hunger
a - Sting                 Conj/Pois      #...         8%          1    None

Your spell library contained the following spells:

 Spells                   Type           Power        Failure   Level  Hunger
 Poisonous Vapours        Pois/Air       #.....       14%         2    ##.....
 Mephitic Cloud           Conj/Pois/Air  #.......     28%         3    ###....
 Olgreb's Toxic Radiance  Pois           ##......     45%         4    ####...
 Venom Bolt               Conj/Pois      #.........   90%         5    ######.


Dungeon Overview and Level Annotations

Branches:
Dungeon (3/15)


Innate Abilities, Weirdness & Mutations

You have an increased reservoir of magic. (+10% MP)


Message History

The sting hits the leopard gecko.
The leopard gecko is poisoned.
The leopard gecko is moderately wounded.
The hobgoblin hits you with a club. The leopard gecko misses you.
You closely miss the hobgoblin. The hobgoblin barely misses you.
The leopard gecko barely misses you.
You barely miss the hobgoblin. The leopard gecko bites you.
The hobgoblin hits you with a club.
* * * LOW HITPOINT WARNING * * *
Casting: Sting (safe; 8% risk of failure)
Confirm with . or Enter, or press ? or * to list all spells.
Aiming: Sting (safe; 8% risk of failure)
Press: ? - help, Shift-Dir - straight line, f - hobgoblin, p - leopard gecko
Aim: a hobgoblin, wielding a club The sting hits the hobgoblin.
The hobgoblin is poisoned.
The hobgoblin is moderately wounded.
The hobgoblin shouts!
The leopard gecko bites you.
* * * LOW HITPOINT WARNING * * *
The hobgoblin hits you with a club.
You die...

####..##.#####
.............##
########.##...##
#..........#
#.##.##....# #.
#.# .#.# #. #.#
..# #. #.### .#
#. #.l@# # #g
###g# #. #.l.#
#...... ######
.........#
.....#
####.g....##
####.####.#
##...#.# #.#...
##.##.#
####.#.## #.# .#


You could see 2 leopard geckos and 2 hobgoblins.

Vanquished Creatures
  A dart slug (D:2)
  2 leopard geckos (D:1)
  2 giant cockroaches (D:1)
  2 goblins (D:1)
  A hobgoblin (D:1)
  4 jackals (D:1)
  A kobold (D:1)
  A bat (D:1)
  4 frilled lizards
  4 rats
22 creatures vanquished.

Notes
Turn   | Place    | Note
-------+----------+-------------------------------------------
     0 | D:1      | Sandy the Demigod Venom Mage began the quest for the Orb.
     0 | D:1      | Reached XP level 1. HP: 14/14 MP: 5/5
     0 | D:1      | Upgraded the game from 0.22.0-27-ga576289 to
                  | 0.22.1-6-g1668fe2
   243 | D:1      | Reached XP level 2. HP: 13/20 MP: 5/8
   984 | D:1      | HP: 1/20 [leopard gecko (5)]
   984 | D:1      | Slain by a hobgoblin

Skill      XL: |  1 |
---------------+----+-----
Spellcasting   | 2 |  2.9
Short Blades   | |  0.3
Dodging        | |  1.7
Stealth        | |  1.7
Conjurations   | |  0.8
Poison Magic   | |  2.6

Action                   || total
-------------------------++-------
Melee: Unarmed           ||    19
       Short sword       ||    21
Throw: Stone             ||     6
 Cast: Sting             ||    37
  Use: Scroll            ||     1
       Potion            ||     1
 Stab: Sleeping          ||     2
       Distracted        ||     1
Armor: Robe              ||    13
Dodge: Dodged            ||    58
